 Dungeon Crawl Stone Soup version 0.26-b1-45-g23770d1d51 (webtiles) character file.

Game seed: 11264561118954159461

107 DocSulfur the Ruffian (level 4, 0/36 HPs)
             Began as a Draconian Transmuter on Jan 6, 2021.
             Slain by an ogre
             ... wielding a +0 giant club
              (20 damage)
             ... on level 3 of the Dungeon.
             The game lasted 00:08:31 (3348 turns).

DocSulfur the Ruffian (Draconian Transmuter)        Turns: 3348, Time: 00:08:32

Health: 0/36       AC:  6    Str: 14    XL:     4   Next: 56%
Magic:  4/7        EV: 12    Int: 13    God:
Gold:   72         SH:  0    Dex: 11    Spells: 5/8 levels left

rFire    . . .     SeeInvis .     - Unarmed
rCold    . . .     Faith    .   (no shield)
rNeg     . . .     Spirit   .   (armour unavailable)
rPois    .         Reflect  .   (helmet currently unavailable)
rElec    .         Harm     .   (no cloak)
rCorr    .         Rampage  .   t - +0 pair of gloves
Will     .....                  (boots currently unavailable)
Stlth    +.........             (no amulet)
HPRegen  0.12/turn              (no ring)
MPRegen  0.10/turn              (no ring)

@: appendages, wereblooded
A: unfitting armour, horns 2, talons 2, cold-blooded, AC +5
a: End Transformation


You were on level 3 of the Dungeon.
You had grown temporary horns.
You had grown temporary talons.
You visited 1 branch of the dungeon, and saw 3 of its levels.

You collected 72 gold pieces.

Inventory:

Hand Weapons
 h - a +0 hunting sling
Missiles
 b - 33 stones
 c - 3 poisoned darts (quivered)
 d - 42 arrows
 i - 12 bolts
Armour
 s - a +0 pair of boots (melded)
 t - a +0 pair of gloves (worn)
Magical Staves
 n - an uncursed staff of cold {unknown}
 v - an uncursed staff of air {unknown}
Scrolls
 j - a scroll of random uselessness {unknown}
 k - a scroll of teleportation {unknown}
 m - a scroll of noise {unknown}
 p - a scroll of remove curse
 r - a scroll of enchant weapon {unknown}
Potions
 a - a potion of degeneration
 e - a potion of magic
 o - a potion of heal wounds {unknown}
 q - 2 potions of attraction {unknown}
 u - a potion of haste {unknown}


   Skills:
 + Level 2.0 Fighting
 - Level 1.7 Dodging
 * Level 3.9 Unarmed Combat
 + Level 2.5 Spellcasting
 * Level 3.2 Transmutations


You had 5 spell levels left.
You knew the following spells:

 Your Spells              Type           Power        Failure   Level
a - Beastly Appendage     Tmut           20%          6%          1
b - Wereblood             Tmut           10%          10%         2

Your spell library contained the following spells:

 Spells                   Type           Power        Failure   Level
 Corona                   Hex            1%           24%         1
 Ensorcelled Hibernation  Hex/Ice        2%           36%         2
 Spider Form              Tmut/Pois      2%           36%         3
 Confusing Touch          Hex            1%           58%         3
 Dazzling Flash           Conj/Hex       2%           58%         3
 Tukima's Dance           Hex            1%           58%         3
 Ice Form                 Ice/Tmut       5%           77%         4
 Blade Hands              Tmut           5%           87%         5


Dungeon Overview and Level Annotations

Branches:
Dungeon (3/15)

Altars:


Innate Abilities, Weirdness & Mutations

Your plain brown scales are hard. (AC +5)
You cannot fit into any form of body armour.
You are cold-blooded and may be slowed by cold attacks.
You have a pair of horns on your head.
You have razor-sharp toenails.


Message History

The ogre is severely wounded.
Throw: 4 darts (poison)
Press: ? - help, Q - select action, (/) - cycle Shift-Dir - straight line, f/p - ogre
Aim: an ogre, wielding a +0 giant club (severely wounded)
You throw a poisoned dart.
The poisoned dart barely misses the ogre.
You see here 3 poisoned darts.
You see here a plate armour.
There is a stone staircase leading up here.
Casting: Beastly Appendage (safe; 6% risk of failure)
Confirm with . or Enter, or press ? or * to list all spells.
Your blood is infused with primal strength.
The ogre hits you with a +0 giant club!
Casting: Wereblood (safe; 10% risk of failure)
Confirm with . or Enter, or press ? or * to list all spells.
You grow a pair of large bovine horns.
Your feet morph into talons.
Your +0 pair of boots melds into your body.
The ogre hits you with a +0 giant club!!
Ouch! That really hurt!
You die...

...........#..###........###...
#.....).....<###.........§##...
###.###)...#####.(........#...$
.. ###......#.((..........##
.#. ##.####.((..........###
....# #..###..(.....(..(.O#
#...##..#...##........(.#####
#.........O#......(........
###.......@#.....^.(.......
##########........[...(..
#.......>..((...
#.........(...>.
##..............
##.........<.....
#..######..÷.....
#..#######.....(.
##...............


You could see an ogre.

Vanquished Creatures
  5 adders (D:2)
  A worm (D:2)
  A dart slug (D:3)
  2 leopard geckos
  2 ball pythons (D:2)
  7 bats
  4 giant cockroaches
  7 goblins
  6 hobgoblins
  2 jackals
  A quokka (D:3)
  3 frilled lizards
  7 kobolds
  5 rats
53 creatures vanquished.

Notes
Turn   | Place    | Note
-------+----------+-------------------------------------------
     0 | D:1      | DocSulfur the Draconian Transmuter began the quest for the
                  | Orb.
     0 | D:1      | Reached XP level 1. HP: 16/16 MP: 3/3
   443 | D:1      | Reached XP level 2. HP: 23/23 MP: 3/5
   446 | D:1      | Learned a level 2 spell: Wereblood
  1197 | D:2      | Reached XP level 3. HP: 28/28 MP: 4/6
  2357 | D:3      | Noticed an ogre
  2372 | D:2      | Reached XP level 4. HP: 23/36 MP: 3/7
  3348 | D:3      | Slain by an ogre

Illustrated notes

Levels and vault maps discovered:
D:1:      dpeg_arrival_rhombus, layout_loops_cross
D:2:      layout_loops_ring
D:3:      layout_rooms, pdpol_wu_jian_five_deadly_venoms, minivault_14,
          okawaru_altar_gauntlet_db

Skill      XL: |  1  2  3  4 |
---------------+-------------+-----
Transmutations | 3 |  3.2
Fighting       | 2 |  2.0
Dodging        | |  1.7
Unarmed Combat | |  3.9
Spellcasting   | |  2.5

Action                   |  1- 3 |  4- 6 || total
-------------------------+-------+-------++-------
Melee: Unarmed           |   138 |    32 ||   170
       Tailslap          |    15 |     1 ||    16
       Kick              |    12 |     4 ||    16
       Headbutt          |     5 |     4 ||     9
       Punch             |     2 |     1 ||     3
Throw: Dart              |       |    32 ||    32
 Cast: Beastly Appendage |    22 |     7 ||    29
       Wereblood         |     9 |     5 ||    14
  Use: Scroll            |     2 |     1 ||     3
       Potion            |       |     3 ||     3
 Stab: Sleeping          |     2 |       ||     2
Armor: Skin              |    37 |    24 ||    61
Dodge: Dodged            |   117 |    58 ||   175
